 Dungeon Crawl Stone Soup version 0.31-a0-232-gb1c03b2570 (webtiles) character file.

Game seed: 11476055123015058891

80 qw the Shooter (level 4, 0/26 HPs)
             Began as a Gargoyle Hexslinger on July 7, 2023.
             Slain by a hobgoblin (4 damage)
             ... led by Robin
             ... on level 3 of the Dungeon.
             The game lasted 00:00:37 (1967 turns).

qw the Shooter (Gargoyle Hexslinger)                Turns: 1967, Time: 00:00:38

Health: 0/26       AC: 10    Str: 12    XL:     4   Next: 39%
Magic:  5/5        EV: 11    Int: 16    God:
Gold:   101        SH:  0    Dex: 14    Spells: 4/5 levels left

rFire   . . .        Y - +1 sling
rCold   . . .        (no shield)
rNeg    + . .        c - +3 leather armour "Vity" {Drain +Blink Regen+ Int+3}
rPois   inf          (no helmet)
rElec   +            (no cloak)
rCorr   .            (no gloves)
SInv    .            b - +0 pair of boots
Will    .....        (no amulet)
Stlth   +            (no ring)
HPRegen 1.04/turn    (no ring)
MPRegen 0.09/turn

%: no passive effects
@: no status effects
A: sickness immunity, AC +3, negative energy resistance 1, electricity
resistance, torment resistance 1, petrification resistance
a: Evoke Blink


You were on level 3 of the Dungeon.
You visited 1 branch of the dungeon, and saw 3 of its levels.

You collected 101 gold pieces.


Innate Abilities, Weirdness & Mutations

You are immune to sickness and miasma.
Your stone body is resilient. (AC +3)
You are immune to poison.
You resist negative energy. (rN+)
You are resistant to electric shocks. (rElec)
You are resistant to unholy torment.
You are immune to petrification.


   Skills:
 - Level 2.0 Fighting
 + Level 4.2 Ranged Weapons
 - Level 1.5 Dodging
 - Level 1.0 Spellcasting
 - Level 2.6 Hexes


You had 4 spell levels left.
You knew the following spells:

 Your Spells              Type           Power      Damage    Failure   Level
a - Slow                  Hex            36%        N/A       10%         1

Your spell library contained the following spells:

 Spells                   Type           Power      Damage    Failure   Level
 Inner Flame              Hex/Fire       5%         N/A       45%         3
 Portal Projectile        Hex/Tloc       10%        N/A       45%         3
 Cause Fear               Hex            4%         N/A       67%         4

Inventory:

Hand Weapons
 Y - a +1 sling (weapon)
Armour
 b - a +0 pair of boots (worn)
 c - the +3 leather armour "Vity" (worn) {Drain +Blink Regen+ Int+3}
   (You found it on level 2 of the Dungeon)

   Int:       It affects your intelligence (+3).
   +Blink:    It lets you blink.
   Regen:     It increases your rate of health regeneration.
   Drain:     It drains your maximum health when unequipped.
 e - the +0 ring mail of Pieh {Str+4}
   (You found it on level 3 of the Dungeon)

   Str:       It affects your strength (+4).
Scrolls
 a - 3 scrolls of identify
Potions
 d - a potion of haste
 f - a potion of might {unknown}

Dungeon Overview and Level Annotations

Branches:
Dungeon (3/15)

Altars:

Shops:
D:1 (

Annotations:
D:3 Robin


Message History

The sling bullet closely misses the adder.
The adder bites you but does no damage. The goblin closely misses you.
The hobgoblin hits you but does no damage.
You shoot a sling bullet. The sling bullet hits the adder.
You kill the adder!
The goblin hits you with a +0 club. The hobgoblin hits you.
You shoot a sling bullet. The sling bullet hits Robin.
Robin is lightly wounded.
The hobgoblin hits you. The goblin barely misses you.
The orc hits you with a +0 short sword.
The hobgoblin hits you but does no damage.
Robin throws the goblin at you!
You shoot a sling bullet. The sling bullet hits Robin.
Robin is moderately wounded.
The hobgoblin hits you. The goblin hits you but does no damage.
The orc hits you but does no damage. The hobgoblin completely misses you.
Robin hits you with a +0 club. The goblin barely misses you.
You shoot a sling bullet. The sling bullet barely misses Robin.
The hobgoblin closely misses you. The goblin hits you with a +0 club.
The orc hits you with a +0 short sword.
The hobgoblin hits you but does no damage.
The goblin closely misses you. The hobgoblin misses you.
The goblin closely misses you. The hobgoblin barely misses you.
The goblin hits you but does no damage.
Robin says, "A pitiful Gargoyle like you will never find the ORB!"
The orc misses you.
You shoot a sling bullet. The sling bullet hits Robin.
Robin is heavily wounded.
The hobgoblin completely misses you. The goblin closely misses you.
The orc hits you with a +0 short sword. The hobgoblin barely misses you.
The goblin hits you with a +0 dagger. Robin hits you but does no damage.
You shoot a sling bullet. The sling bullet barely misses Robin.
The hobgoblin barely misses you. The goblin barely misses you.
The hobgoblin closely misses you. The orc hits you but does no damage.
Robin closely misses you. The goblin closely misses you.
You shoot a sling bullet.
The sling bullet hits Robin but does no damage.
Robin is heavily wounded.
The hobgoblin hits you.
You die...

#.##(..# ##.#.########.....
###.#########..........'.....
#...#....#....#.########.....
#.###.##.#.##.#.# #.....
#.....##.#.#....# #.....
########.#....###### #.....
#.####......# #.....
#...ggg.###.# #.....
#####@gg....# ######
#go..#### ##g#.# #.....
###..([. ).... )... ...


You could see Robin, an orc, 2 hobgoblins and 4 goblins.

Vanquished Creatures
  3 adders
  2 worms
  2 dart slugs
  3 ball pythons (D:1)
  An endoplasm (D:2)
  7 goblins
  6 hobgoblins
  2 jackals
  4 kobolds (D:2)
  5 bats
  2 frilled lizards (D:2)
  6 rats
43 creatures vanquished.

Notes
Turn   | Place    | Note
-------+----------+-------------------------------------------
     0 | D:1      | qw the Gargoyle Hexslinger began the quest for the Orb.
     0 | D:1      | Reached XP level 1. HP: 12/12 MP: 2/2
     0 | D:1      | 0 ||| qw: Version: 0.3-a-46-gb1f654a
     0 | D:1      | 0 ||| qw: Game counter: 2416
     0 | D:1      | 0 ||| qw: Melee chars always use a shield: true
     0 | D:1      | 0 ||| qw: God list: Okawaru
     0 | D:1      | 0 ||| qw: Allow faded altars: false
     0 | D:1      | 0 ||| qw: Do Orc after clearing Dungeon:15 true
     0 | D:1      | 0 ||| qw: Do second Lair branch before Depths: true
     0 | D:1      | 0 ||| qw: Lair rune preference: random
     0 | D:1      | 0 ||| qw: Goals: Normal
     0 | D:1      | 0 ||| PLANNING D:1-11
   222 | D:1      | Found Homedov's Antique Weapon Shoppe.
   314 | D:1      | Reached XP level 2. HP: 16/16 MP: 3/3
   445 | D:1      | Reached skill level 3 in Ranged Weapons
  1119 | D:1      | 1119 ||| UPGRADING to +0 ring mail.
  1129 | D:1      | 1129 ||| DROPPING +0 robe.
  1130 | D:1      | 1130 ||| READING 2 scrolls labelled TOREIX QEXORGH.
  1131 | D:1      | 1131 ||| READING scroll labelled LATAIX BEEF.
  1132 | D:1      | 1132 ||| READING scroll labelled NUYKHE MOWNATA.
  1133 | D:1      | 1133 ||| READING scroll labelled PUMITT XOTUT.
  1134 | D:1      | 1134 ||| DROPPING scroll of poison.
  1182 | D:2      | Reached XP level 3. HP: 21/21 MP: 4/4
  1279 | D:2      | 1279 ||| FLEEEEING.
  1280 | D:2      | 1280 ||| FLEEEEING.
  1281 | D:2      | 1281 ||| FLEEEEING.
  1282 | D:2      | 1282 ||| STAIRDANCE
  1329 | D:1      | 1329 ||| READING scroll labelled QIVAUXKA CURIS.
  1430 | D:1      | 1430 ||| READING 4 scrolls of identify.
  1430 | D:1      | 1430 ||| IDENTIFYING fizzy blue potion
  1630 | D:2      | Identified the +3 leather armour "Vity" {Drain +Blink
                  | Regen+ Int+3}
  1730 | D:2      | Reached XP level 4. HP: 26/26 MP: 5/5
  1752 | D:2      | 1752 ||| UPGRADING to +0 pair of boots.
  1757 | D:2      | 1757 ||| UPGRADING to +3 leather armour "Vity" {Drain
                  | +Blink Regen+ Int+3}.
  1767 | D:2      | 1767 ||| DROPPING +0 ring mail.
  1811 | D:3      | Identified the +0 ring mail of Pieh {Str+4}
  1890 | D:3      | Reached skill level 4 in Ranged Weapons
  1951 | D:3      | Noticed Robin
  1965 | D:3      | HP: 4/26 [orc/+0 short sword (4)]
  1965 | D:3      | HP: 1/26 [goblin/+0 dagger[Robin] (3)]
  1967 | D:3      | Slain by a hobgoblin

Levels and vault maps discovered:
D:1:      kilobyte_arrival_exit_the_forest, layout_basic, serial_shops, shop
D:2:      layout_rooms, chequers_serial_rivers_small_b
D:3:      layout_basic, uniq_robin

Skill      XL: |  1  2  3  4 |
---------------+-------------+-----
Ranged Weapons | 3 4 |  4.2
Fighting       | 2 |  2.0
Dodging        | |  1.5
Spellcasting   | |  1.0
Hexes          | |  2.6

Action                     |  1- 3 |  4- 6 || total
---------------------------+-------+-------++-------
   Fire: Sling             |   109 |    29 ||   138
    Use: Scroll            |     6 |       ||     6
 Armour: Robe              |     7 |       ||     7
         Ring mail         |    18 |       ||    18
         Leather armour    |       |    16 ||    16
  Dodge: Dodged            |    35 |    24 ||    59

Table legend:
 A = Non-vault XP
 B = Vault XP
 C = Vault XP percentage of total XP
 D = Non-vault monster count
 E = Vault monster count
 F = Vault count percentage of total count
                 A         B        C        D         E       F
            +---------+---------+-------+---------+---------+-------
      Total |     106 |       9 |   7.8 |      38 |       5 |  11.6
            +---------+---------+-------+---------+---------+-------
        D:1 |      34 |       0 |   0.0 |      20 |       0 |   0.0
        D:2 |      49 |       0 |   0.0 |      15 |       0 |   0.0
        D:3 |      23 |       9 |  28.1 |       3 |       5 |  62.5
            +---------+---------+-------+---------+---------+-------
